 Dungeon Crawl Stone Soup version 0.17.1-3-g152610e (webtiles) character file.

793 juanjsm the Covert (level 7, 0/32 HPs)
             Began as a Spriggan Enchanter on Mar 31, 2016.
             Was an Initiate of Ashenzari.
             Slain by a worker ant (2 damage)
             ... on level 5 of the Dungeon.
             The game lasted 00:22:55 (3207 turns).

juanjsm the Covert (Spriggan Enchanter)             Turns: 3207, Time: 00:22:55

Health: 0/32       AC:  5    Str:  9    XL:     7   Next: 57%
Magic:  15/15      EV: 20    Int: 17    God:    Ashenzari [......]
Gold:   197        SH:  0    Dex: 16    Spells: 4 memorised, 6 levels left

rFire  . . .     SeeInvis +     j - +4 dagger (vamp)
rCold  . . .     Clarity  .     b - +2 robe
rNeg   . . .     SustAt   .     (shield restricted)
rPois  .         Gourm    .     (helmet restricted)
rElec  .         Spirit   .     x - +0 cloak
rCorr  .         Warding  .     (gloves unavailable)
rMut   .         Stasis   .     (boots unavailable)
MR     ++...                    (no amulet)
Stlth  +++++.....               (no ring)
                                o - ring of protection from magic

@: mighty, lethally poisoned (0 -> -11), very quick, very resistant to hostile
enchantments, quite stealthy
A: unfitting armour, talons 1, see invisible, dopey 1, herbivore 3, speed 3,
slow metabolism 2, subdued magic 1
a: Renounce Religion


You were on level 5 of the Dungeon.
You worshipped Ashenzari.
Ashenzari was noncommittal.
You were not hungry.

You visited 1 branch of the dungeon, and saw 5 of its levels.
You also visited: Sewer.

You collected 197 gold pieces.

Inventory:

Hand Weapons
 e - a +3 dagger of draining
 j - a +4 vampiric dagger (weapon)
Armour
 b - a +2 robe (worn)
 d - the cursed +0 troll leather armour of Inviolability {Regen+ rCorr Dex+2}
   (You found it on level 4 of the Dungeon)

   It affects your dexterity (+2).
   It increases your rate of regeneration.
   It protects you from acid and corrosion.
   It has a curse placed upon it.
 x - a +0 cloak (worn)
Jewellery
 o - a ring of protection from magic (left hand)
Wands
 u - a wand of fire (8)
Scrolls
 f - 2 scrolls of blinking {unknown}
 g - 2 scrolls of fear
 h - a scroll of immolation {unknown}
 i - 2 scrolls of amnesia
 k - 3 scrolls of remove curse
 p - a scroll of brand weapon {unknown}
 w - a scroll of teleportation {unknown}
Potions
 a - a potion of lignification
 l - a potion of flight
 m - a potion of mutation
 n - a potion of haste
 r - a potion of agility {unknown}
 s - a potion of heal wounds {unknown}
 t - a potion of poison
 z - a potion of cancellation
Books
 c - a book of Maledictions

   Spells                             Type                      Level
   a - Corona                         Hexes                        1
   b - Ensorcelled Hibernation        Hexes/Ice                    2
   c - Confuse                        Hexes                        3
   d - Tukima's Dance                 Hexes                        3
   e - Dazzling Spray                 Conjuration/Hexes            3


   Skills:
 + Level 0.5 Fighting
 + Level 1.7 Short Blades
 + Level 5.1 Dodging
 + Level 9.4 Stealth
 + Level 4.7 Spellcasting
 + Level 0.3 Conjurations
 + Level 5.5 Hexes
 + Level 1.9 Ice Magic


You had 6 spell levels left.
You knew the following spells:

 Your Spells              Type           Power        Failure   Level  Hunger
a - Corona                Hex            ###....      1%          1    None
b - Ensorcelled Hibernat  Hex/Ice        ##....       2%          2    #......
c - Confuse               Hex            ###.....     2%          3    ###....
d - Dazzling Spray        Conj/Hex       #.......     7%          3    ###....


Dungeon Overview and Level Annotations

Branches:
Dungeon (5/15)
 Temple: D:4-7

Altars:
Ashenzari
Kikubaaqudgha
Nemelex Xobeh
Ru
Sif Muna
Xom
Zin
The Shining One

Annotations:
D:3 kaze's ghost, amateur DsGl


Innate Abilities, Weirdness & Mutations

You are tiny and cannot use many weapons and most armour.
You have supernaturally acute eyesight.
You are a herbivore.
You cover ground extremely quickly.
You need consume almost no food.
You have sharp toenails.
You are dopey. (Int -2)
Your spells are a little easier to cast, but a little less powerful.


Message History

You feel sick. The worker ant barely misses you.
The worker ant completely misses you.
Drink which item? (? for menu, Esc to quit)
It was a potion of magic.
Magic courses through your body.
* * * LOW HITPOINT WARNING * * *
You feel sick. The worker ant barely misses you.
Drink which item? (? for menu, Esc to quit)
It was a potion of might.
You feel very mighty all of a sudden.
* * * LOW HITPOINT WARNING * * *
You feel sick. The worker ant misses you.
You hit the worker ant.
You feel better.
The worker ant is lightly wounded.
* * * LOW HITPOINT WARNING * * *
You feel sick. The worker ant closely misses you.
You puncture the worker ant! Your kick misses the worker ant.
The worker ant is severely wounded.
* * * LOW HITPOINT WARNING * * *
You feel sick. The worker ant bites you.
You die...

$..........#
............# ..# #.#
............# ...#
#.#.............# ...#
#.#.............# .$.#
#w#.............# ...#
#.#.............# ...#
#$#........a5...#
...###.#........@....#
.......#.........[...#
###
...###...............#
#.. ...#
#...############# #..
.### #...# #.. .#
##### #.. .### ## #..
...# #...# ###.#
...### #._.# ###...#


You could see a worker ant and a shadow imp (confused).

Vanquished Creatures
  Edmund (D:4)
  A crocodile (Sewer)
  A centaur (D:5)
  A scorpion (D:4)
  A crimson imp (D:5)
  3 hounds
  An orc priest (D:3)
  A centaur skeleton (D:4)
  4 worker ants
  A hound skeleton (D:4)
  3 gnolls (D:4)
  A river rat (D:3)
  6 adders
  3 oozes
  An adder skeleton (D:4)
  3 worms
  2 giant geckos
  8 orcs
  7 giant cockroaches
  6 hobgoblins
  2 jackals (Sewer)
  4 bats
  6 giant newts
  A goblin (D:2)
  9 kobolds
  6 rats
83 creatures vanquished.

Notes
Turn   | Place    | Note
--------------------------------------------------------------
     0 | D:1      | juanjsm the Spriggan Enchanter began the quest for the Orb.
     0 | D:1      | Reached XP level 1. HP: 9/9 MP: 5/5
    77 | D:1      | Reached XP level 2. HP: 5/13 MP: 4/6
    81 | D:1      | Learned a level 2 spell: Ensorcelled Hibernation
   480 | D:1      | Reached skill level 5 in Stealth
   697 | D:2      | Found a glowing silver altar of Zin.
   861 | D:2      | Found a faded altar to an unknown god.
   870 | D:2      | Reached XP level 3. HP: 12/16 MP: 3/8
   878 | D:2      | Learned a level 3 spell: Confuse
  1387 | D:3      | Found a glowing drain.
  1407 | D:3      | Reached XP level 4. HP: 21/21 MP: 5/10
  1431 | D:3      | Learned a level 3 spell: Dazzling Spray
  1462 | D:3      | Reached skill level 6 in Stealth
  1490 | Sewer    | Entered a sewer
  1548 | Sewer    | Noticed a crocodile
  1560 | Sewer    | Killed a crocodile
  1560 | Sewer    | Reached XP level 5. HP: 24/24 MP: 1/11
  1722 | D:3      | Found an ancient bone altar of Kikubaaqudgha.
  1745 | D:3      | Noticed kaze's ghost (amateur DsGl)
  1780 | D:3      | Reached skill level 1 in Ice Magic
  1980 | D:3      | Found a sparkling altar of Nemelex Xobeh.
  2063 | D:3      | Found a deep blue altar of Sif Muna.
  2279 | D:4      | Reached skill level 7 in Stealth
  2296 | D:4      | Reached XP level 6. HP: 28/28 MP: 13/13
  2378 | D:4      | Reached skill level 8 in Stealth
  2541 | D:4      | Found a sacrificial altar of Ru.
  2604 | D:4      | Found a shattered altar of Ashenzari.
  2614 | D:4      | Reached skill level 5 in Hexes
  2626 | D:4      | Became a worshipper of Ashenzari the Shackled
  2645 | D:4      | Noticed Edmund
  2661 | D:4      | Killed Edmund
  2661 | D:4      | Reached XP level 7. HP: 14/32 MP: 0/14
  2852 | D:4      | Got the cursed troll leather armour of Inviolability {Regen+ rCorr Dex+2}
  3058 | D:4      | Found a shimmering altar of Xom.
  3079 | D:5      | Entered Level 5 of the Dungeon
  3094 | D:5      | Reached skill level 9 in Stealth
  3146 | D:5      | Found a glowing golden altar of the Shining One.
  3193 | D:5      | Reached skill level 5 in Dodging
  3201 | D:5      | Gained mutation: Your spells are a little easier to cast, but a little less powerful. [potion of mutation]
  3201 | D:5      | Gained mutation: You are dopey. (Int -2) [potion of mutation]
  3201 | D:5      | Gained mutation: You have sharp toenails. [potion of mutation]
  3205 | D:5      | HP: 1/32 [poison (a potion of poison)]
  3207 | D:5      | Slain by a worker ant

Action                   |  1- 3 |  4- 6 |  7- 9 || total
-------------------------+-------+-------+-------++-------
Melee: Dagger            |    70 |    82 |    38 ||   190
 Cast: Corona            |     6 |       |     1 ||     7
       Ensorcelled Hiber |    14 |    15 |     3 ||    32
       Confuse           |       |     6 |     3 ||     9
       Dazzling Spray    |       |     6 |     2 ||     8
  Use: Scroll            |     8 |       |       ||     8
       Potion            |       |       |     5 ||     5
 Stab: Sleeping          |    19 |    20 |     5 ||    44
       Confused          |       |     3 |     1 ||     4
       Invisible         |       |     3 |       ||     3
  Eat: Pizza             |       |     1 |       ||     1
       Bread ration      |       |       |     1 ||     1
